 Dungeon Crawl Stone Soup version 0.30-a0-12-gd8047c6341 (webtiles) character file.

Game seed: 5781953075229153828

1321 nickcage the Carver (level 8, -3/66 HPs)
             Began as a Minotaur Gladiator on Aug 23, 2022.
             Killed by nerve-wracking pain
             ... invoked by an orc priest
              (6 damage)
             ... on level 5 of the Dungeon.
             The game lasted 00:13:05 (6300 turns).

nickcage the Carver (Minotaur Gladiator)            Turns: 6300, Time: 00:13:05

Health: -3/66      AC: 10    Str: 22    XL:     8   Next: 33%
Magic:  7/7        EV:  5    Int:  5    God:
Gold:   248        SH: 12    Dex: 11    Spells: 7/7 levels left

rFire   . . .      SeeInvis .    a - +1 long sword
rCold   . . .      Faith    .    z - +3 kite shield {reflect}
rNeg    . . .      Spirit   .    H - +0 plate armour
rPois   .          Reflect  +    c - +0 hat
rElec   .          Harm     .    (no cloak)
rCorr   .          Rampage  .    (no gloves)
Will    .....                    (no boots)
Stlth   ..........               (no amulet)
HPRegen 0.21/turn                (no ring)
MPRegen 0.10/turn                (no ring)

@: no status effects
A: horns 2, retaliatory headbutt
a: no special abilities


You were on level 5 of the Dungeon.
You visited 1 branch of the dungeon, and saw 5 of its levels.
You also visited: Sewer.

You collected 248 gold pieces.

Inventory:

Hand Weapons
 a - a +1 long sword (weapon)
 G - a +0 great sword
Missiles
 d - 3 throwing nets
 e - a javelin
 r - 4 datura-tipped darts (quivered)
 B - 31 poisoned darts
Armour
 b - a +0 leather armour
 c - a +0 hat (worn)
 k - a +0 buckler
 n - a +0 ring mail
 y - a +0 scale mail
 z - a +3 kite shield of reflection (worn)
 H - a +0 plate armour (worn)
Jewellery
 l - a ring of poison resistance
Wands
 E - a wand of paralysis (12)
Scrolls
 g - a scroll of enchant armour
 h - 2 scrolls of immolation
 i - 4 scrolls of identify
 j - a scroll of fear
 q - a scroll of teleportation
 u - 2 scrolls of fog
 A - 2 scrolls of vulnerability
 F - a scroll of blinking
Potions
 f - 2 potions of curing
 m - 3 potions of heal wounds {unknown}
 o - 3 potions of lignification {unknown}
 p - a potion of might {unknown}
 s - a potion of resistance {unknown}
 t - 2 potions of degeneration {unknown}
 v - 5 potions of mutation {unknown}
 w - 2 potions of cancellation {unknown}
 x - a potion of invisibility {unknown}
 C - a potion of magic {unknown}
 D - a potion of flight {unknown}


   Skills:
 + Level 3.8 Fighting
 + Level 10.7 Long Blades
 - Level 2.0 Throwing
 - Level 3.2 Dodging
 * Level 5.8 Shields


You had 7 spell levels left.
You didn't know any spells.
Your spell library contained the following spells:

 Spells                   Type           Power      Damage    Failure   Level
 Petrify                  Tmut/Erth      0%         N/A       100%        4
 Metabolic Englaciation   Hex/Ice        0%         N/A       100%        5
 Statue Form              Tmut/Erth      0%         N/A       100%        6


Dungeon Overview and Level Annotations

Branches:
Dungeon (5/15)              Sewer (visited)
 Temple: D:4-7

Altars:
Ashenzari
Gozag
Zin

Shops:
D:2 (*(   D:4 *


Innate Abilities, Weirdness & Mutations

You have a pair of horns on your head.
You reflexively headbutt those who attack you in melee.


Message History

You block the orc priest's attack.
Things that are here:
a +0 dagger; a +0 robe; an orc corpse You barely miss the orc priest.
Your headbutt misses the orc priest.
The orc priest hits you but does no damage.
The gnoll sergeant hits you from afar with a +0 spear.
You block the gnoll's attack.
You hit the orc priest.
The orc priest is lightly wounded.
The gnoll hits you with a +0 halberd! You block the gnoll sergeant's attack.
The orc priest calls down the wrath of Beogh upon you.
Beogh smites you!
You closely miss the orc priest.
The orc priest is lightly wounded.
The orc priest hits you but does no damage.
The gnoll sergeant hits you from afar with a +0 spear!
You block the gnoll's attack.
You hit the orc priest but do no damage.
The orc priest is lightly wounded.
You block the gnoll sergeant's attack. The gnoll hits you with a +0 halberd.
You block the orc priest's attack.
You barely miss the orc priest.
The orc priest is lightly wounded.
You block the gnoll's attack. You block the gnoll sergeant's attack.
The orc priest hits you but does no damage.
You slash the orc priest!
The orc priest is severely wounded.
The gnoll hits you with a +0 halberd.
* * * LOW HITPOINT WARNING * * *
The orc priest mumbles some strange prayers to Beogh against you.
Beogh smites you!
* * * LOW HITPOINT WARNING * * *
You block the gnoll sergeant's attack. You block the gnoll's attack.
You block the orc priest's attack.
Things that are here:
a +0 club; a +0 scale mail; an orc corpse You block the gnoll's attack.
The orc priest calls down the wrath of Beogh upon you.
Pain shoots through your body!
You die...

...# #..#....#
....# #g###....
.....##.###.#
#...#.###.# ...
#..gg....# ..#
##..o##### #..
##...### ##.#
+...g..## #..#
+.....@.###..#
##........#..##
#.............#
#..............#
##........†.....#
#...[..........##
#..............##
#..............#
##..............#


You could see a gnoll sergeant, an orc priest and 2 gnolls.

Vanquished Creatures
  An ice beast (D:5)
  An ogre (D:4)
  3 phantoms (D:5)
  4 kobold brigands (Sewer)
  2 scorpions (D:5)
  3 hounds (D:5)
  Terence (D:3)
  3 orc wizards (D:5)
  Natasha (thrice) (D:3)
  3 gnolls (D:4)
  13 adders
  2 worms (D:4)
  4 dart slugs
  12 orcs
  3 bats
  4 endoplasms
  5 giant cockroaches
  10 goblins
  6 hobgoblins
  4 jackals
  5 quokkas
  5 ball pythons
  8 frilled lizards
  15 kobolds
  5 rats
125 creatures vanquished.

Notes
Turn   | Place    | Note
-------+----------+-------------------------------------------
     0 | D:1      | nickcage the Minotaur Gladiator began the quest for the
                  | Orb.
     0 | D:1      | Reached XP level 1. HP: 18/18 MP: 0/0
   240 | D:1      | Reached skill level 4 in Long Blades
   502 | D:1      | Reached XP level 2. HP: 21/25 MP: 1/1
   765 | D:1      | Found a faded altar of an unknown god.
  1004 | D:2      | Reached skill level 5 in Long Blades
  1004 | D:2      | Reached XP level 3. HP: 22/30 MP: 2/2
  1778 | D:2      | Reached XP level 4. HP: 33/37 MP: 3/3
  1828 | D:2      | Reached skill level 6 in Long Blades
  1956 | D:2      | Found Cath's Weapon Boutique.
  1957 | D:2      | Found Ecowyj's Antique Weapon Boutique.
  2010 | D:2      | Found Guepn's Assorted Antiques.
  2095 | D:3      | Noticed Natasha
  2104 | D:3      | Killed Natasha
  2592 | D:3      | Noticed Terence
  2601 | D:3      | Killed Terence
  2602 | D:3      | Reached XP level 5. HP: 16/42 MP: 4/4
  2603 | D:3      | Reached skill level 7 in Long Blades
  2947 | D:3      | Noticed Natasha
  2954 | D:3      | Killed Natasha
  2987 | D:3      | Noticed Natasha
  2995 | D:3      | Killed Natasha
  3427 | D:4      | Noticed an ogre
  3492 | D:4      | Found Zuthem's Mayhem Merchandise.
  3638 | D:4      | Reached skill level 8 in Long Blades
  3660 | D:4      | Killed an ogre
  3661 | D:4      | Reached XP level 6. HP: 29/50 MP: 5/5
  4429 | D:5      | Entered Level 5 of the Dungeon
  4610 | D:5      | Found a glowing drain.
  4641 | D:5      | Reached skill level 9 in Long Blades
  4641 | D:5      | Reached skill level 1 in Shields
  4660 | Sewer    | Entered a sewer
  5014 | Sewer    | Reached XP level 7. HP: 29/56 MP: 6/6
  5496 | D:5      | Reached skill level 10 in Long Blades
  5820 | D:5      | Reached XP level 8. HP: 58/63 MP: 7/7
  5849 | D:5      | Found a glowing silver altar of Zin.
  6037 | D:5      | Reached skill level 5 in Shields
  6186 | D:5      | Found an opulent altar of Gozag.
  6274 | D:5      | Found a broken altar of Ashenzari.
  6296 | D:5      | HP: 2/66 [orc priest/divine providence (13)]
  6300 | D:5      | Killed from afar by an orc priest

Illustrated notes

Levels and vault maps discovered:
D:1:      dpeg_arrival_simpleton_b, layout_loops_cross,
          hellmonk_ecumenical_altar_arch_garden, minivault_24,
          minmay_door_square
D:2:      layout_rooms, serial_shops, shop, shop,
          nicolae_shop_overgrown_old_shop
D:3:      layout_basic, uniq_terence, uniq_natasha
D:4:      layout_cave_pools, minmay_shop_mayhem, minivault_1
D:5:      minmay_polygon_palace, layout_cave_pods,
          mainiacjoe_overflow_tiny_flanked, mainiacjoe_overflow_alcove_1,
          cheibrodos_ashenzari_chains, gup_sewer_entry_glass,
          uniq_crazy_yiuf_cottage

Skill      XL: |  1  2  3  4  5  6  7  8 |
---------------+-------------------------+-----
Long Blades    | 4 5 6 8 9 10 | 10.7
Shields        | 2 4 5 |  5.8
Fighting       | 3 |  3.8
Throwing       | |  2.0
Dodging        | |  3.2

Action                   |  1- 3 |  4- 6 |  7- 9 || total
-------------------------+-------+-------+-------++-------
Melee: Long sword        |    61 |   174 |   116 ||   351
       Headbutt          |     6 |    25 |    22 ||    53
Throw: Throwing net      |     1 |       |       ||     1
       Dart              |       |     4 |       ||     4
  Use: Scroll            |       |    11 |       ||    11
Armor: Leather armour    |    15 |       |       ||    15
       Ring mail         |     6 |    25 |       ||    31
       Scale mail        |       |    39 |    17 ||    56
       Plate armour      |       |       |    11 ||    11
Dodge: Dodged            |    48 |    78 |    31 ||   157
Block: Buckler           |     3 |    16 |       ||    19
       Kite shield       |       |    40 |    74 ||   114

Table legend: (Time is in decaauts)
 A = Elapsed time spent in this place.
 B = Non-inter-level travel time spent in this place.
 C = Inter-level travel time spent in this place.
 D = Time resting spent in this place.
 E = Time spent auto-exploring this place.
 F = Levels seen in this place.
 G = Mean time per level.
                   A        B        C        D        E       F      G
               +--------+--------+--------+--------+--------+-----+--------+
         Total |   6368 |   6226 |    142 |   1265 |   4060 |   6 | 1061.3 |
       Dungeon |   5552 |   5410 |    142 |    872 |   3777 |   5 | 1110.4 |
         Sewer |    816 |    816 |      0 |    393 |    283 |   1 |  816.0 |
               +--------+--------+--------+--------+--------+-----+--------+

Top non-repeatable levels by time:
     D:3: 1537 daAuts
     D:5: 1097 daAuts
     D:2: 1079 daAuts
     D:1: 1000 daAuts
     D:4: 838 daAuts
   Sewer: 816 daAuts
